 Dungeon Crawl Stone Soup version 0.29.1-15-g9cfb28693d (webtiles) character file.

Game seed: 6647756494400557754

127 hawla the Chiller (level 5, -1/38 HPs)
             Began as a Meteoran Ice Elementalist on Feb 28, 2023.
             Slain by an orc wizard
             ... wielding a +2 dagger of venom
              (2 damage)
             ... on level 4 of the Dungeon.
             The game lasted 00:03:53 (432 turns).

hawla the Chiller (Meteoran Ice Elementalist)        Turns: 432, Time: 00:03:54

Health: -1/38      AC:  3    Str: 10    XL:     5   Next: 60%
Magic:  3/10       EV: 12    Int: 18    God:
Gold:   39         SH:  0    Dex: 14    Spells: 2/10 levels left

rFire   . . .      SeeInvis .   (no weapon)
rCold   . . .      Faith    .   (no shield)
rNeg    . . .      Spirit   .   a - +0 robe
rPois   .          Reflect  .   (no helmet)
rElec   .          Harm     .   c - +0 cloak
rCorr   .          Rampage  .   (no gloves)
Will    .....                   (no boots)
Stlth   +.........              (no amulet)
HPRegen 0.12/turn               (no ring)
MPRegen 0.12/turn               (no ring)

@: freezing walls, very slightly contaminated, glowing
A: sense surroundings 1, otherworldly, glowing, explore regen
a: no special abilities


You were on level 4 of the Dungeon.
You visited 1 branch of the dungeon, and saw 5 of its levels.

You collected 39 gold pieces.

Inventory:

Armour
 a - a +0 robe (worn)
 c - a +0 cloak (worn)
Wands
 e - a wand of flame (7) (quivered)
Potions
 b - a potion of magic


   Skills:
 - Level 2.6 Dodging
 - Level 1.4 Stealth
 - Level 3.0 Spellcasting
 + Level 3.7 Conjurations
 - Level 5.5 Ice Magic


You had 2 spell levels left.
You knew the following spells:

 Your Spells              Type           Power      Damage    Failure   Level
a - Freeze                Ice            88%        1d10      1%          1
b - Frozen Ramparts       Ice            44%        1d7       4%          3
c - Hailstorm             Conj/Ice       19%        3d6       24%         4

Your spell library contained the following spells:

 Spells                   Type           Power      Damage    Failure   Level
 Ozocubu's Armour         Ice            22%        N/A       4%          3


Dungeon Overview and Level Annotations

Branches:
Dungeon (5/15) Zot: 2567
 Temple: D:4-7

Altars:
Fedhas
Hepliaklqana


Innate Abilities, Weirdness & Mutations

You passively map a small area around you.
You are easily found by Zot.
You glow in the dark.
You regain HP and MP as you explore.


Message History

You enter a teleport trap!
The teleport trap disappears.
Your surroundings suddenly seem different.
An ice beast comes into view.
Found a dagger.
You feel sick.
You feel sick.
You feel sick.
You feel sick.
You feel sick.
You are no longer poisoned.
You hear a shout!
Casting: Freeze (safe; 1% risk of failure)
Confirm with . or Enter, or press ? or * to list all spells.
Casting: Frozen Ramparts (dangerous; 4% risk of failure)
Press: ? - help, Dir - look around, f - activate You miscast Frozen Ramparts.
You are very lightly contaminated with residual magic.
Nothing appears to happen.
Something hits you.
* * * LOW HITPOINT WARNING * * *
Unknown command.
Casting: Frozen Ramparts (dangerous; 4% risk of failure)
Confirm with . or Enter, or press ? or * to list all spells.
Casting: Frozen Ramparts (dangerous; 4% risk of failure)
Press: ? - help, Dir - look around, f - activate The walls around you are covered in ice.
The wall freezes something.
You hear some strange, mumbled words.
A magic dart appears from out of thin air!
The magic dart hits you!
* * * LOW HITPOINT WARNING * * *
The wall freezes the orc wizard.
Okay, then.
Casting: Frozen Ramparts (dangerous; 4% risk of failure)
Confirm with . or Enter, or press ? or * to list all spells.
You can't see any susceptible monsters within range! (Use Z to cast anyway.)
Casting: Frozen Ramparts (dangerous; 4% risk of failure)
Confirm with . or Enter, or press ? or * to list all spells.
Aiming: Freeze (safe; 1% risk of failure)
Press: ? - help, Shift-Dir - straight line You freeze something.
The wall freezes something.
Something hits you.
You die...

, ##...### *
#..†.....#
,##....#####.######..
, , #.##.##....# #..
* , #.##.##.#### #..
,< #Y##.##.###### #..
#.##.........# #..
,,#.###.....†..# #..
#.###........# #.. ,
#.@{o........# ###
#####.######## # #.#
# ###.#### #......#
#......# #......#
#...{..# , ####o###


You could see an ice beast and an orc wizard.

Vanquished Creatures
  A phantom (D:4)
  3 adders
  2 dart slugs
  An orc (D:4)
  A ball python (D:2)
  2 endoplasms
  2 giant cockroaches
  3 goblins
  A hobgoblin (D:4)
  A quokka (D:2)
  3 bats
  2 frilled lizards
  3 rats
25 creatures vanquished.

Notes
Turn   | Place    | Note
-------+----------+-------------------------------------------
     0 | D:1      | hawla the Meteoran Ice Elementalist began the quest for the
                  | Orb.
     0 | D:1      | Reached XP level 1. HP: 14/14 MP: 5/5
    46 | D:2      | Reached XP level 2. HP: 16/20 MP: 2/6
    97 | D:2      | Reached skill level 5 in Ice Magic
    97 | D:2      | Reached XP level 3. HP: 26/26 MP: 2/8
   101 | D:2      | Learned a level 3 spell: Frozen Ramparts
   237 | D:3      | Reached XP level 4. HP: 23/33 MP: 5/9
   248 | D:3      | Found a hazy altar of Hepliaklqana.
   263 | D:3      | Learned a level 4 spell: Hailstorm
   265 | D:4      | Noticed a phantom
   289 | D:4      | Killed a phantom
   290 | D:4      | Reached XP level 5. HP: 3/38 MP: 10/10
   327 | D:5      | Entered Level 5 of the Dungeon
   361 | D:4      | Found a blossoming altar of Fedhas.
   419 | D:4      | Noticed an ice beast
   431 | D:4      | HP: 1/38 [something/magic dart (7)]
   432 | D:4      | Slain by an orc wizard

Illustrated notes

Levels and vault maps discovered:
D:1:      lightli_arrival_statue_moat, layout_basic, minmay_misc_feat_enclosed
D:2:      layout_basic, kennysheep_generic_room_12
D:3:      layout_basic, mainiacjoe_overflow_brackets, lemuel_tele_altar,
          mainiacjoe_overflow_six_doors_small,
          mainiacjoe_overflow_catch_the_wave
D:4:      layout_basic, fedhas_altar_1, kennysheep_mini_moat,
          nicolae_elevator_lobby_asterisk
D:5:      layout_basic, minmay_temple_entry_wispy

Skill      XL: |  1  2  3  4 |
---------------+-------------+-----
Ice Magic      | 5 |  5.5
Spellcasting   | 3 |  3.0
Conjurations   | 3 |  3.7
Dodging        | |  2.6
Stealth        | |  1.4

Action                   |  1- 3 |  4- 6 || total
-------------------------+-------+-------++-------
Melee: Unarmed           |     6 |    14 ||    20
 Cast: Freeze            |    25 |     7 ||    32
       Frozen Ramparts   |       |     5 ||     5
  Use: Potion            |       |     2 ||     2
       Scroll            |       |     1 ||     1
Armor: Robe              |     6 |     4 ||    10
Dodge: Dodged            |    15 |     9 ||    24
